Cogmind - Beta 16 @@@ ROGUE MODE // 2026.01.22 @ 14:50:39 Player: deadnoob Result: Destroyed by H-71 Marshal with Heavy Mass Driver Performance ------------- Evolutions (5) 2500 Regions Visited (8) 1600 Robots Destroyed (76) 380 Value Destroyed (3090) 3090 Prototype IDs (15) 300 Alien Tech Used (0) 0 Bonus (3393) 3393 TOTAL SCORE: 11263 Bonus ------- High Alert Combat Kills 40 Follower Combat Kills 1153 Forged Quantum Companion 1000 Network Hubs Disabled 400 Registered with UFD 300 Met Optimus in HQ 500 Cogmind --------- Core Integrity 0/1000 Matter 287/300 Energy 99/100 System Corruption 4% Temperature Cool (2) Movement Hovering (70) Location -5/Hub_04(d) Parts ------- > --- POWER (1) -------- (None) > --- PROPULSION (5) --- Gyrokinetic Inverter > --- UTILITY (9) ------ Advanced Visual Processing Unit Advanced Terrain Scan Processor Core Analyzer Improved Hacking Suite Advanced Hacking Suite > --- WEAPON (2) ------- Quantum Companion > --- INVENTORY (5) ---- Compact Particle Reactor Advanced Cooling System Large Storage Unit Advanced Energy Well (500) Experimental Terrain Scanner Peak State ------------ > --- POWER ------------ Quantum Reactor > --- PROPULSION ------- Gyrokinetic Inverter Linear Gravjet Linear Gravjet Antigrav Array > --- UTILITY ---------- Medium Storage Unit Advanced Visual Processing Unit Advanced Terrain Scan Processor Core Analyzer Improved Reaction Control System Medium Regenerative Plating Improved Hacking Suite Advanced Hacking Suite Advanced System Shield > --- WEAPON ----------- Phase Cannon Quantum Companion > --- INVENTORY -------- Compact Particle Reactor Antigrav Array Advanced Cooling System Advanced Energy Well Experimental Terrain Scanner Heavy Plasma Cannon Missile Launcher CPS Tube CPS Tube [Rating: 108] Favorites ----------- Power Light Ion Engine Engine Light Ion Engine Power Core Neutrino Core Reactor Quantum Reactor Propulsion Spiked Treads Treads Spiked Treads Leg Carbon-fiber Leg Wheel Compact Wheel Hover Unit Antigrav Array Utility Disposable Heat Sink Device Disposable Heat Sink Storage Medium Storage Unit Processor Advanced Terrain Scan Processor Hackware Improved Hacking Suite Protection Medium Regenerative Plating Weapon Battle Cannon Energy Gun Medium Laser Energy Cannon Phase Cannon Ballistic Gun Assault Rifle Ballistic Cannon Battle Cannon Launcher Grenade Launcher Special Weapon CPS Tube Impact Weapon Hammer Slashing Weapon Companion Sword Build | -11 -10 -10 -7 -5 -5 -5 -5 -5 ------- Run | Yrd Mat Sub Scr Fac Ext Cet Arc Hub Slots Evolved 10 | . . . . 10 . . . . Power . | . . . . . . . . . Propulsion 3 | . . . . 3 . . . . Utility 7 | . . . . 7 . . . . Weapon . | . . . . . . . . . Parts Attached 101 | . 5 8 4 11 49 2 16 6 Power 13 | . . 1 2 . 7 . 2 1 Engine 5 | . . 1 2 . 2 . . . Core 5 | . . . . . 4 . . 1 Reactor 3 | . . . . . 1 . 2 . Propulsion 34 | . . 2 . 4 18 2 8 . Treads 15 | . . 2 . 1 8 1 3 . Leg 13 | . . . . 2 10 1 . . Wheel 1 | . . . . 1 . . . . Hover 5 | . . . . . . . 5 . Flight . | . . . . . . . . . Utility 38 | . 2 2 1 6 17 . 5 5 Device 16 | . 1 1 . 2 9 . 1 2 Storage 3 | . 1 1 . . 1 . . . Processor 4 | . . . . 2 1 . . 1 Hackware 5 | . . . . . 1 . 4 . Protection 10 | . . . 1 2 5 . . 2 Artifact . | . . . . . . . . . Weapon 16 | . 3 3 1 1 7 . 1 . Energy Gun 1 | . 1 . . . . . . . Energy Cannon 3 | . . . . 1 1 . 1 . Ballistic Gun 1 | . 1 . . . . . . . Ballistic Cannon 5 | . . 2 . . 3 . . . Launcher 2 | . 1 . . . 1 . . . Special Weapon 2 | . . . . . 2 . . . Impact Weapon 1 | . . 1 . . . . . . Slashing Weapon 1 | . . . 1 . . . . . Piercing Weapon . | . . . . . . . . . Special Melee Weapon . | . . . . . . . . . Unidentified Prototypes 6 | . . . 1 . 4 1 . . Parts Lost 48 | . . 3 . . 27 1 6 11 Power 5 | . . 1 . . 3 . . 1 Propulsion 17 | . . . . . 9 1 3 4 Utility 20 | . . 1 . . 12 . 2 5 Weapon 6 | . . 1 . . 3 . 1 1 Highest Loss Streak 6 | . . 2 . . 6 1 3 4 To Critical Strikes 1 | . . . . . 1 . . . Average Backups 13 | 6 7 12 14 11 12 22 19 8 Power . | 1 1 1 . . . 2 2 1 Propulsion 1 | 4 2 2 1 . 1 5 4 . Utility 4 | . . 3 3 3 4 9 7 3 Weapon 4 | 1 2 4 6 2 2 3 2 2 Tool/Special . | . . . . . . . . . Unused Backups 31 | . 7 4 7 4 3 1 1 4 Power 5 | . 1 1 1 . 1 1 . . Propulsion 10 | . 4 2 2 1 1 . . . Utility 7 | . 1 . 3 . . . 1 2 Weapon 5 | . . 1 1 3 . . . . Tool/Special 4 | . 1 . . . 1 . . 2 Average Slot Usage (%) 95 | . 97 98 99 94 91 81 72 83 Engine 9 | . 14 14 13 5 2 5 4 . Treads 18 | . . 16 28 12 9 2 10 . Leg 7 | . 28 11 . 10 16 22 5 . Hover 1 | . . . . . . . 3 19 Device 13 | . 11 12 13 15 18 3 1 2 Storage 10 | . 14 14 14 5 5 5 5 5 Processor 4 | . . . . 9 11 17 11 14 Hackware 1 | . . . . . 3 . 3 17 Protection 3 | . . . . 15 8 11 11 4 Ballistic Cannon 10 | . . 17 17 . . 5 2 . Slashing Weapon 7 | . . . 10 5 5 5 5 5 Peak Build Rating 108 | 6 7 13 24 60 89 84 105 108 Average Rating 36 | 6 6 10 16 58 67 80 83 95 On Entrance 42 | 6 6 7 13 24 60 84 84 102 Avg Prop Armor Cover (%) 15 | . . . . 15 16 12 6 . Naked Turns . | . . . . . . . . . Heaviest Build 141 | 14 21 90 100 53 141 124 126 57 Greatest Support 164 | 20 20 40 40 37 120 90 164 63 Greatest Overweight (x) 5 | . 1 2 2 3 3 5 1 1 Average Overweight (x) . | . . . . 2 . 1 . . Largest Inventory Capacity 25 | 8 10 25 25 25 25 25 25 10 Average Capacity 16 | 8 8 18 19 10 13 25 22 9 Most Carried 25 | 6 8 15 25 24 25 25 24 10 Average Carried 13 | 6 7 12 14 10 12 24 20 9 Final Capacity 25 | 8 10 25 25 10 25 25 10 5 Final Carried 25 | 6 8 15 25 10 25 24 10 5 Class Distribution -------------------- 63% | Mutant 26% | Scavenger-Mutant 4% | Hacker-Mutant Dominant Class ---------------- Mutant | -10/Materials Mutant | -10/Subcaves Mutant | -7/Scraptown Assassin | -5/Factory Scavenger-Mutant | -5/Extension Scavenger-Mutant | -5/Cetus Scavenger-Mutant | -5/Archives Hacker-Mutant | -5/Hub_04(d) Resources | -11 -10 -10 -7 -5 -5 -5 -5 -5 ----------- Run | Yrd Mat Sub Scr Fac Ext Cet Arc Hub Matter Collected 2104 | 200 63 477 245 16 607 128 178 190 Remotely . | . . . . . . . . . Salvage Created 3556 | 13 75 193 70 136 1528 69 462 1010 Parts 187 | . 10 18 4 7 58 4 26 60 Haulers Intercepted 1 | . . . . . . . . 1 Recyclers Shooed 2 | . . . . . 2 . . . Parts Field Recycled . | . . . . . . . . . Retrieved Matter . | . . . . . . . . . Parts Self-Destructed 7 | . . 7 . . . . . . Prevented . | . . . . . . . . . Parts Restored . | . . . . . . . . . Kills | -11 -10 -10 -7 -5 -5 -5 -5 -5 ------- Run | Yrd Mat Sub Scr Fac Ext Cet Arc Hub Combat Hostiles Destroyed 57 | . 6 12 1 . 16 1 4 17 Melee 34 | . . . 1 . 13 1 4 15 Guns 5 | . 1 4 . . . . . . Cannons 6 | . . 5 . . . . . 1 AOE 12 | . 5 3 . . 3 . . 1 Classes Destroyed 14 | 1 3 1 1 2 3 . . 3 Worker 1 | . . . . . . . . 1 Builder 3 | . 1 . . . 2 . . . Tunneler 1 | 1 . . . . . . . . Hauler 1 | . . . . . . . . 1 Recycler 4 | . . . . 1 3 . . . Operator 7 | . . . . 1 2 . 4 . Watcher 2 | . 1 . . . 1 . . . Swarmer 12 | . 6 5 . . 1 . . . Cutter 7 | . . . . . . . . 7 Grunt 8 | . . . . . 6 . . 2 Sentry 16 | . . . . . 6 . 4 6 Hunter 5 | . . . . . 3 . . 2 Cetus Guard 1 | . . . . . . 1 . . Subdweller 7 | . . 7 . . . . . . Scrapper 1 | . . . 1 . . . . . Best Kill Streak 4 | 1 3 3 1 1 4 1 2 3 Combat Bots Only 3 | . 3 3 1 . 3 1 2 3 Max Kills in Single Turn 3 | 1 3 2 1 1 2 1 1 1 Gunslinging . | . . . . . . . . . Exploded 3 | . 3 1 . . 2 . . 1 Melee 1 | . . . 1 . 1 1 1 1 Uniques/NPCs Destroyed . | . . . . . . . . . Combat | -11 -10 -10 -7 -5 -5 -5 -5 -5 -------- Run | Yrd Mat Sub Scr Fac Ext Cet Arc Hub Hostile Shots Fired 566 | . 7 55 30 . 269 20 73 112 Missed 155 | . 3 17 3 . 72 10 20 30 Deflected 2 | . . . . . . . . 2 Hits 411 | . 4 38 27 . 197 10 53 82 Melee 7 | . . . . . . . . 7 Projectile 404 | . 4 38 27 . 197 10 53 75 AOE 5 | . . . . . 1 . . 4 Critical Strikes 14 | . . 1 1 . 4 3 1 4 Actively Blocked 2 | . . . . . . 2 . . Damage Taken 8746 | . 32 488 439 . 4181 291 1351 1964 Core 1219 | . 8 144 50 . 346 33 95 543 Absorbed by Shields 229 | . . . . . 111 . 74 44 Redirected to Shielding 75 | . . . . . 31 14 30 . Regen/Repaired (Parts) 454 | . . . . . 113 35 168 138 Core Remaining (%) 59 | 100 . . 19 . . . . . Volleys Fired 51 | 2 11 22 . 3 7 . . 6 Largest 2 | 2 2 2 . 1 1 . . 1 Hottest 85 | 70 70 70 . 85 85 . . 85 Shots Fired 72 | 4 17 35 . 3 7 . . 6 Gun 28 | 4 12 12 . . . . . . Cannon 24 | . . 15 . 3 1 . . 5 Launcher 16 | . 5 8 . . 2 . . 1 Special 4 | . . . . . 4 . . . Kinetic 29 | 2 6 21 . . . . . . Thermal 23 | 2 6 6 . 3 1 . . 5 Explosive 16 | . 5 8 . . 2 . . 1 Electromagnetic . | . . . . . . . . . Robot Hit Streak 13 | 3 3 13 . . 6 . . . Robot Miss Streak 4 | 1 2 4 . . 1 . . . Penetration Max . | . . . . . . . . . Secondary Targets 1 | . . 1 . . . . . . Max Gunslinging Chain 1 | . . 1 . . . . . . Autonomous 2 | . . . . . . . . 2 Shots Hit Robots 193 | 3 7 22 3 2 79 1 35 41 Core Hits 97 | 1 9 16 1 2 30 1 11 26 Critical Kills . | . . . . . . . . . Critical Parts Destroyed . | . . . . . . . . . Critical Strikes 6 | 2 . . . . 2 . . 2 Burn 2 | 2 . . . . . . . . Melee Attacks 232 | . . 21 6 5 97 1 42 60 Impact 21 | . . 21 . . . . . . Slashing 211 | . . . 6 5 97 1 42 60 Piercing . | . . . . . . . . . Sneak Attacks 25 | . . . . 2 13 . 7 3 Combat Hostiles 3 | . . . . . 2 . . 1 Follow-up Attacks . | . . . . . . . . . Damage Inflicted 9754 | 35 468 828 92 178 3773 42 1868 2470 Guns 182 | 35 70 77 . . . . . . Cannons 479 | . . 286 . . 32 . . 161 Explosions 1350 | . 398 465 . . 360 . . 127 Melee 7740 | . . . 92 178 3378 42 1868 2182 Ramming 3 | . . . . . 3 . . . Kinetic 380 | 10 45 325 . . . . . . Thermal 120 | 25 25 38 . . 32 . . . Explosive 1350 | . 398 465 . . 360 . . 127 Electromagnetic . | . . . . . . . . . Impact . | . . . . . . . . . Slashing 7740 | . . . 92 178 3378 42 1868 2182 Piercing . | . . . . . . . . . Phasic 161 | . . . . . . . . 161 Highest Corruption 4 | . 2 2 . . . . . 4 Average Corruption 2 | . 2 2 . . . . . 2 Corruption Purged . | . . . . . . . . . Corruption Blocked . | . . . . . . . . . Effects 21 | . 3 16 . . . . . 2 Message Errors 4 | . . 3 . . . . . 1 Matter Fused 6 | . 1 4 . . . . . 1 Heat Flow Errors 4 | . 1 3 . . . . . . Energy Discharges 1 | . . 1 . . . . . . Data Loss (minor) 1 | . 1 . . . . . . . Data Loss (major) 2 | . . 2 . . . . . . Misfires 1 | . . 1 . . . . . . Weapon Failures 2 | . . 2 . . . . . . Overload Shots . | . . . . . . . . . Overflow Damage 884 | . 10 8 28 . 508 . 321 9 Projectiles 2 | . . 2 . . . . . . Explosions 16 | . 10 6 . . . . . . Melee 866 | . . . 28 . 508 . 321 9 Knockbacks 5 | . . 5 . . . . . . Impact . | . . . . . . . . . Kinetic 5 | . . 5 . . . . . . Secondary . | . . . . . . . . . Self-Inflicted Damage . | . . . . . . . . . Shots . | . . . . . . . . . Rammed . | . . . . . . . . . Targets Rammed 1 | . . . . . 1 . . . Kicked 1 | . . . . . 1 . . . Crushed . | . . . . . . . . . Highest Temperature 237 | 18 237 229 42 120 40 . 30 120 Average Temperature 44 | 10 57 117 23 62 23 . 12 35 Received Heat Transfer 1247 | . . 36 192 . 588 36 188 207 Siege Activations . | . . . . . . . . . Martial Activations . | . . . . . . . . . Shielding Activations . | . . . . . . . . . Robots Disrupted 1 | . . . . . . . 1 . Combat Hostiles 1 | . . . . . . . 1 . Robots Corrupted . | . . . . . . . . . Combat Hostiles . | . . . . . . . . . Parts Fried 2 | . . . . . 1 . . 1 Impact Corruptions . | . . . . . . . . . Robots Melted . | . . . . . . . . . Combat Hostiles . | . . . . . . . . . Parts Melted 2 | 1 . . . . 1 . . . Heat Transferred 444 | 222 74 111 . . 37 . . . Parts Sabotaged . | . . . . . . . . . Parts Stolen . | . . . . . . . . . Parts Stripped . | . . . . . . . . . Power Chain Reactions . | . . . . . . . . . Alert | -11 -10 -10 -7 -5 -5 -5 -5 -5 ------- Run | Yrd Mat Sub Scr Fac Ext Cet Arc Hub Maximum Alert Level 2 | . . . . . 2 1 . 1 Low Security (%) 70 | 100 100 . . 100 64 13 100 73 Level 1 26 | . . . . . 30 86 . 26 Level 2 3 | . . . . . 5 . . . Level 3 . | . . . . . . . . . Level 4 . | . . . . . . . . . Level 5 . | . . . . . . . . . High Security . | . . . . . . . . . Max Security . | . . . . . . . . . Peak Influence 559 | 5 179 . . 6 559 284 88 341 Initial 264 | . 3 . . . . 264 73 . Average 120 | 5 107 . . . 131 235 15 139 Influence Increases 2903 | 5 295 120 . 20 1517 140 133 673 Destroy 0b10 Robot/C 1540 | . 120 100 . . 820 80 80 340 Destroy 0b10 Robot/NC 115 | 5 10 . . 10 55 5 20 10 Destroy Leader 250 | . 22 20 . . 96 . . 112 Allied During Kill 436 | . . . . . 399 36 1 . Successful Hack 84 | . 44 . . . 22 . . 18 Select Force Hacks 80 | . 30 . . . . . . 50 Disable Machine 120 | . 30 . . . . 15 30 45 Destroy Structure 143 | . 39 . . 10 50 4 2 38 Partial Spotted 15 | . . . . . . . . 15 Lose Combat Pursuer 120 | . . . . . 75 . . 45 Influence Decreases 2562 | . 181 219 20 20 1044 429 317 332 Entered New Map 400 | . 2 58 20 . . 209 111 . Time Decay 1356 | . 179 141 . 20 548 130 116 222 Lost Part 366 | . . 20 . . 196 10 30 110 Lost Ally 440 | . . . . . 300 80 60 . Squads Dispatched 17 | . 2 . . 2 6 . . 7 Investigation 6 | . 2 . . 1 1 . . 2 Extermination . | . . . . . . . . . Reinforcement 10 | . . . . 1 4 . . 5 Assault 1 | . . . . . 1 . . . Garrison . | . . . . . . . . . Intercept . | . . . . . . . . . Searches Triggered . | . . . . . . . . . Construction Impeded 1 | . . . . . 1 . . . Haulers Reinforced . | . . . . . . . . . Active Scanning Responses . | . . . . . . . . . Cargo Convoy Interrupts . | . . . . . . . . . Stealth | -11 -10 -10 -7 -5 -5 -5 -5 -5 --------- Run | Yrd Mat Sub Scr Fac Ext Cet Arc Hub Distress Signals 4 | . . . . . 2 1 . 1 Communications Jammed 2 | . . . . . 2 . . . Distress Signals 2 | . . . . . 2 . . . Times Spotted 111 | . 9 12 7 . 48 5 7 23 Peak Tracking Total 6 | . 3 3 4 1 6 5 2 5 Tactical Retreats 6 | . . . . . 4 . . 2 Traps | -11 -10 -10 -7 -5 -5 -5 -5 -5 ------- Run | Yrd Mat Sub Scr Fac Ext Cet Arc Hub Traps Triggered 11 | . 2 1 . 2 1 . . 5 Indirectly . | . . . . . . . . . Trap Hack Attempts . | . . . . . . . . . Triggered . | . . . . . . . . . Disarmed . | . . . . . . . . . Reprogrammed . | . . . . . . . . . Reused . | . . . . . . . . . Traps Extracted . | . . . . . . . . . Installed . | . . . . . . . . . Triggered . | . . . . . . . . . Machines | -11 -10 -10 -7 -5 -5 -5 -5 -5 ---------- Run | Yrd Mat Sub Scr Fac Ext Cet Arc Hub Machines Disabled 8 | . 2 . . . . 1 2 3 Max in Single Turn 2 | . 1 . . . . . . 2 Garrison Access 1 | . . . . . . . . 1 Network Hub 2 | . . . . . . . . 2 Machines Repaired . | . . . . . . . . . Machines Dismantled . | . . . . . . . . . Machines Sabotaged 1 | . . . . . . . . 1 Overloaded Fab Kills . | . . . . . . . . . Hacking | -11 -10 -10 -7 -5 -5 -5 -5 -5 --------- Run | Yrd Mat Sub Scr Fac Ext Cet Arc Hub Machines Accessed 22 | . 7 . 5 . 7 . . 3 Terminals 14 | . 5 . . . 7 . . 2 Fabricators . | . . . . . . . . . Repair Stations . | . . . . . . . . . Recycling Units 2 | . 2 . . . . . . . Scanalyzers . | . . . . . . . . . Garrison Access 1 | . . . . . . . . 1 Total Hacks 70 | . 18 . 31 . 16 . . 5 Successful 51 | . 10 . 31 . 6 . . 4 Failed 19 | . 8 . . . 10 . . 1 Catastrophic 1 | . 1 . . . . . . . Database Lockouts . | . . . . . . . . . Manual 19 | . 17 . 1 . . . . 1 Terminals 34 | . 15 . . . 16 . . 3 Fabricators . | . . . . . . . . . Repair Stations . | . . . . . . . . . Recycling Units 3 | . 3 . . . . . . . Scanalyzers . | . . . . . . . . . Garrison Access 2 | . . . . . . . . 2 Terminal Hacks 39 | . . . 31 . 6 . . 2 Record 30 | . . . 30 . . . . . Open Door 7 | . . . 1 . 6 . . . Machine Index 1 | . . . . . . . . 1 Zone Layout 1 | . . . . . . . . 1 Fabricator Hacks . | . . . . . . . . . Repair Station Hacks . | . . . . . . . . . Recycling Unit Hacks . | . . . . . . . . . Scanalyzer . | . . . . . . . . . Garrison Access Hacks 1 | . . . . . . . . 1 Seal Access 1 | . . . . . . . . 1 Unauthorized Hacks 11 | . 10 . . . . . . 1 Terminals 9 | . 8 . . . . . . 1 Botnet 3 | . 3 . . . . . . . Skim 5 | . 5 . . . . . . . Sabotage 1 | . . . . . . . . 1 Fabricators . | . . . . . . . . . Repair Stations . | . . . . . . . . . Recycling Units 2 | . 2 . . . . . . . Reject 1 | . 1 . . . . . . . Tunnel 1 | . 1 . . . . . . . Scanalyzers . | . . . . . . . . . Garrison Access . | . . . . . . . . . Data Cores Recovered . | . . . . . . . . . Used . | . . . . . . . . . Hacking Detections 10 | . 6 . . . 3 . . 1 Full Trace Events 2 | . 1 . . . 1 . . . Feedback Events . | . . . . . . . . . Feedback Blocked . | . . . . . . . . . Robot Schematics Acquired . | . . . . . . . . . Robots Built . | . . . . . . . . . Authchips . | . . . . . . . . . Time . | . . . . . . . . . Total Robot Build Rating . | . . . . . . . . . Part Schematics Acquired . | . . . . . . . . . Parts Built . | . . . . . . . . . Authchips . | . . . . . . . . . Time . | . . . . . . . . . Total Part Build Rating . | . . . . . . . . . Part Studies Acquired . | . . . . . . . . . Parts Repaired . | . . . . . . . . . Time . | . . . . . . . . . Parts Recycled . | . . . . . . . . . Recycled Matter . | . . . . . . . . . Retrieved Matter . | . . . . . . . . . Retrieved Components . | . . . . . . . . . Parts Scanalyzed . | . . . . . . . . . Part Schematics Acquired . | . . . . . . . . . Parts Damaged . | . . . . . . . . . Bothacking | -11 -10 -10 -7 -5 -5 -5 -5 -5 ------------ Run | Yrd Mat Sub Scr Fac Ext Cet Arc Hub Used RIF Installer . | . . . . . . . . . Robots Hacked . | . . . . . . . . . Non-combat . | . . . . . . . . . Combat . | . . . . . . . . . Robot Hacks Applied . | . . . . . . . . . Relay Couplers Released 2 | . . . . . . . . 2 Machine Destruction 2 | . . . . . . . . 2 Fabnet Peak Effective % . | . . . . . . . . . Robots Rewired 19 | . . . . . 19 . . . Allies Hacked . | . . . . . . . . . Hacks Repelled . | . . . . . . . . . Allies | -11 -10 -10 -7 -5 -5 -5 -5 -5 -------- Run | Yrd Mat Sub Scr Fac Ext Cet Arc Hub Total Allies 26 | . . . . . 26 . . . Largest Group 13 | . . . . . 13 8 3 . Highest-Rated Group 492 | . . . . . 492 206 73 . Highest-Rated Ally 159 | . . . . . 159 39 34 . Total Orders 2 | . . . . . 2 . . . STAY 1 | . . . . . 1 . . . FOLLOW 1 | . . . . . 1 . . . Ally Attacks 297 | . . . . . 262 26 9 . Total Damage 6307 | . . . . . 5441 582 284 . Kills 34 | . . . . . 29 5 . . Allies Corrupted . | . . . . . . . . . Allies Melted 3 | . . . 3 . . . . . Intel | -11 -10 -10 -7 -5 -5 -5 -5 -5 ------- Run | Yrd Mat Sub Scr Fac Ext Cet Arc Hub Active Infowar (turns) 4759 | . 362 331 . 225 2700 278 381 482 Optics 4057 | . . . . 216 2700 278 381 482 Sensors 2 | . . . . . . . . 2 Terrain 369 | . . . . 222 94 . . 53 Seismic 996 | . 362 331 . 225 78 . . . Jamming 1192 | . . . . . 1192 . . . Robot Analysis Total . | . . . . . . . . . Derelict Logs Recovered 6 | . . 1 5 . . . . . Drone Launches . | . . . . . . . . . Drone Recoveries . | . . . . . . . . . Exploration | -11 -10 -10 -7 -5 -5 -5 -5 -5 ------------- Run | Yrd Mat Sub Scr Fac Ext Cet Arc Hub Turns Passed 11126 | 6 435 1181 5434 229 2700 278 381 482 Spaces Moved 4832 | 1 302 420 2026 123 1344 120 157 339 Core . | . . . . . . . . . Treads 2409 | . . 182 2026 . 64 50 87 . Legs 1743 | 1 302 238 . 18 1114 70 . . Wheels 271 | . . . . 105 166 . . . Hover 409 | . . . . . . . 70 339 Flight . | . . . . . . . . . Fastest Speed 40 | 120 120 120 160 130 115 190 40 40 Average Speed 186 | 120 121 215 241 152 152 217 126 50 Slowest Speed 470 | 120 190 340 340 200 260 470 240 104 Overloaded Moves . | . . . . . . . . . Propulsion Burnouts . | . . . . . . . . . Robots Hopped . | . . . . . . . . . Potential Cave-ins . | . . . . . . . . . Cave-ins Triggered . | . . . . . . . . . Exploration Rate (%) 50 | 2 64 28 90 7 88 52 84 42 Regions Visited 8 Branch Regions 6 Pre-discovered Areas 4 | . 1 . 3 . . . . . Known Exits Taken . | . . . . . . . . . Unknown Exits Taken 8 | 1 1 1 1 1 1 1 1 . Scrap Searched 7 | . . 3 4 . . . . . Spaces Dug 43 | . 20 . . 4 1 . . 18 Terrain Destroyed 96 | . 34 19 . 6 18 . . 19 Melee 14 | . . . . 3 1 . . 10 Projectile 8 | . . . . 3 . . . 5 AOE 74 | . 34 19 . . 17 . . 4 Terrain Rammed . | . . . . . . . . . Walls Destroyed . | . . . . . . . . . Machines Disabled . | . . . . . . . . . Actions | -11 -10 -10 -7 -5 -5 -5 -5 -5 --------- Run | Yrd Mat Sub Scr Fac Ext Cet Arc Hub Total 6524 | 2 350 619 2572 155 1850 138 279 559 Wait 915 | . 20 122 507 . 111 4 49 102 Move 4824 | . 301 419 2025 122 1343 119 156 339 Hop . | . . . . . . . . . Pick Up 63 | . 6 13 17 1 22 1 1 2 Fast Attach 67 | . 1 2 3 4 36 4 5 12 Attach 40 | . . 4 . 10 9 1 13 3 Detach 14 | . . . 1 1 9 . 1 2 Swap 43 | . 7 11 3 1 15 . 2 4 Drop 78 | . 4 5 10 8 23 8 10 10 Fire 51 | 2 11 22 . 3 7 . . 6 Melee 232 | . . 21 6 5 97 1 42 60 Ram . | . . . . . . . . . Kick 1 | . . . . . 1 . . . Crush . | . . . . . . . . . Escape Stasis 24 | . . . . . 5 . . 19 Rewire 172 | . . . . . 172 . . . Trap . | . . . . . . . . . Miscellaneous . | . . . . . . . . . Route ------- -11/Scrapyard -10/Materials (discovered 4 exits: [*Mat x2] / [*Min] / [*Sub]) -10/Subcaves (discovered 2 exits: [*Mat] / *Scr) -7/Scraptown -5/Factory (discovered 3 exits: [Fac] / Upp / *Ext) -5/Extension (discovered 2 exits: [*Fac] / [*Cet]) -5/Cetus -5/Archives (discovered 3 exits: [*Fac] / *Hub x2) -5/Hub_04(d) (discovered 3 exits: [*Fac x3]) History --------- Turn | Location | Event 7 | -11/Scrapyard | Discovered new exit (range 0) 7 | -11/Scrapyard | Entered Materials 122 | -10/Materials | Discovered new exit (range 9) 131 | -10/Materials | Discovered new exit (range 9) 303 | -10/Materials | Build established: Mutant 339 | -10/Materials | Discovered new exit (range 15) 437 | -10/Materials | Discovered new exit (range 5) 442 | -10/Materials | Entered Subcaves 443 | -10/Subcaves | Approached by a straggling Scientist 469 | -10/Subcaves | Discovered new exit (range 8) 774 | -10/Subcaves | Core integrity fell below 50% 785 | -10/Subcaves | Learned 2 Materials zone layouts 920 | -10/Subcaves | Ambushed by angry Subdweller bent on revenge 1623 | -10/Subcaves | Entered Scraptown 1623 | -7/Scraptown | System corruption cleaned by C-Scrubber 1926 | -7/Scraptown | Visited IN-MT5's Study 2028 | -7/Scraptown | Scanned Subdweller tech in exchange for log data 2038 | -7/Scraptown | Learned Factory terminal intel 2045 | -7/Scraptown | Learned Factory non-interactive machine intel 2048 | -7/Scraptown | Learned Factory stockpile data 2052 | -7/Scraptown | Learned location of Armory (-4) 2533 | -7/Scraptown | Visited Symbiants 2556 | -7/Scraptown | Visited Spacefarers 2647 | -7/Scraptown | Visited Cyclists 2690 | -7/Scraptown | Visited TADAMA 2704 | -7/Scraptown | Visited UFD Registry 2704 | -7/Scraptown | Registered with UFD as "Quantumchaser" 2754 | -7/Scraptown | Visited Observation Area 2783 | -7/Scraptown | Visited Abandonware Association 2810 | -7/Scraptown | Visited Research Penetration Think Tank 2848 | -7/Scraptown | Visited Sword Containment 2865 | -7/Scraptown | Found Prototype Slashing Weapon 2865 | -7/Scraptown | Identified Companion Sword 2902 | -7/Scraptown | Received an X-ray algorithm 2910 | -7/Scraptown | Visited Analyses Database 2918 | -7/Scraptown | Ran an X-ray algorithm 3257 | -7/Scraptown | Visited Infowarlord's Domain 3518 | -7/Scraptown | Visited Chapter 10 3625 | -7/Scraptown | Visited Curators Association 3678 | -7/Scraptown | Visited Scrap Suit Storage 3903 | -7/Scraptown | Learned abandonware demo "ERRANTS.EXE" 3903 | -7/Scraptown | Learned abandonware demo "REBOOT5.EXE" 4051 | -7/Scraptown | Discovered new exit (range 5) 4175 | -7/Scraptown | Found Exp. Terrain Scanner 4533 | -7/Scraptown | Entered Cyclist Reading Room 4546 | -7/Scraptown | Learned location of Zion (-7) 6612 | -7/Scraptown | Met Optimus 6612 | -7/Scraptown | Accepted into 0bPrime 7012 | -7/Scraptown | Civil war broke out across Scraptown 7055 | -7/Scraptown | Core integrity fell below 20% 7057 | -7/Scraptown | Entered Factory 7057 | -5/Factory | Evolved 10 slots: Propulsion x3, Utility x7 7058 | -5/Factory | Identified exit to Upper Caves 7060 | -5/Factory | Loaded intel: 238 non-interactive machine locations 7061 | -5/Factory | Loaded intel: 28 terminal locations 7159 | -5/Factory | Discovered new exit (range 29) 7223 | -5/Factory | Discovered new exit (range 19) 7286 | -5/Factory | Entered Extension 7407 | -5/Extension | Lost 6 parts (1p1n3u1w) 7668 | -5/Extension | Build established: Scavenger-Mutant 7812 | -5/Extension | Rescued a captive Derelict 7856 | -5/Extension | Lost 4 parts (1p2n1w) 8065 | -5/Extension | Rescued A7 8066 | -5/Extension | Attached CPS modules to A7. 8200 | -5/Extension | Rescued a captive Derelict 8249 | -5/Extension | Spotted B-75 Beast 8568 | -5/Extension | Spotted B-75 Beast 8581 | -5/Extension | Attached CPS modules to B-75 Beast. 8596 | -5/Extension | Allies destroyed B-75 Beast 8604 | -5/Extension | Attached CPS modules to B-75 Beast. 8623 | -5/Extension | Allies destroyed B-75 Beast 8627 | -5/Extension | Attached CPS modules to S5-AE8(l). 8645 | -5/Extension | Lost 4 allies 8849 | -5/Extension | Rescued a captive Derelict 8850 | -5/Extension | Rescued a captive Derelict 8933 | -5/Extension | Rescued a captive Derelict 9019 | -5/Extension | Lost 3 allies 9086 | -5/Extension | Lost 3 parts (3u) 9114 | -5/Extension | Lost 4 allies 9172 | -5/Extension | Extracted ID and sensor layout for unrecognized location from A7's data core 9189 | -5/Extension | Found Prototype Protection 9189 | -5/Extension | Identified Med. Regenerative Plating 9611 | -5/Extension | Disrupted transfer network 9796 | -5/Extension | Rescued a captive Derelict 9797 | -5/Extension | Rescued a captive Derelict 9877 | -5/Extension | Lost 3 parts (3u) 9920 | -5/Extension | Discovered new exit (range 10) 9923 | -5/Extension | Discovered new exit (range 6) 9986 | -5/Extension | First assault squad dispatched 9986 | -5/Extension | Entered Cetus 9986 | -5/Cetus | Accompanied by 8 allies 10009 | -5/Cetus | Spotted Cetus Guard 10009 | -5/Cetus | Spotted Cetus Guard 10011 | -5/Cetus | Spotted Cetus Guard 10017 | -5/Cetus | Lost 4 allies 10017 | -5/Cetus | Spotted Cetus Guard 10018 | -5/Cetus | Allies destroyed Cetus Guard 10031 | -5/Cetus | Allies destroyed Cetus Guard 10037 | -5/Cetus | Allies destroyed Cetus Guard 10052 | -5/Cetus | Destroyed Cetus Guard 10057 | -5/Cetus | Cetus Manufacturing Module disabled 10088 | -5/Cetus | Lost 5 allies 10214 | -5/Cetus | Discovered new exit (range 19) 10264 | -5/Cetus | Entered Archives 10264 | -5/Archives | Accompanied by 3 allies 10340 | -5/Archives | Lost 3 allies 10514 | -5/Archives | Lost 3 parts (1n1u1w) 10545 | -5/Archives | Discovered new exit (range 19) 10551 | -5/Archives | Discovered new exit (range 14) 10598 | -5/Archives | Discovered new exit (range 15) 10645 | -5/Archives | Entered Hub_04(d) 10647 | -5/Hub_04(d) | Discovered new exit (range 20) 10653 | -5/Hub_04(d) | Discovered new exit (range 25) 10787 | -5/Hub_04(d) | Core integrity fell below 50% 10861 | -5/Hub_04(d) | Discovered new exit (range 22) 10891 | -5/Hub_04(d) | Build established: Hacker-Mutant 10897 | -5/Hub_04(d) | Forged Quantum Companion 10952 | -5/Hub_04(d) | Network Hub disabled 11024 | -5/Hub_04(d) | Spotted Lightning 11046 | -5/Hub_04(d) | Lost 4 parts (1p1n1u1w) 11118 | -5/Hub_04(d) | Core integrity fell below 20% 11119 | -5/Hub_04(d) | Network Hub disabled 11127 | -5/Hub_04(d) | Destroyed by H-71 Marshal with Heavy Mass Driver Last Messages --------------- 11119_ Antigrav Array destroyed. 11119_ ALERT: Network intrusion management efficiency at 70%. 11119_ Network Hub explodes. 11119_ Terminal disabled. 11119_ C-35 Carver destroyed. 11119_ Control Node disabled. 11119_ Backup Mainframe disabled. 11119_ Control Node disabled. 11119_ W-25 Informer destroyed. 11119_ Control Node disabled. 11120_ Carbide Saw fried. 11120_ C-35 Carver destroyed. 11122_ EQCQGIPWPV/UU&YSRWQN 11122_ Dropped CPS Tube. 11123_ Dropped Missile Launcher. 11124_ Dropped Imp. Sensor Array. 11124_ Dropped Hvy. Plasma Cannon. 11125_ Dropped Med. Storage Unit. 11125_ Dropped Neutrino Core. 11127_ Penetrated by Slug. Map ----- +----------------------------------------------------+ | ???????????????????????????????? ? ??? | | ?????????????????????????????????? ??? | | ????????????????????????????????????#?? | | ??????????????????????????????????????? | | ??????????????????????????????????#???? | | ??????????????????###????????????????? | | ?????????????????? ???????????????#? | | ?????????????????? ???????????#??? | | ?????????????????? ???????????? | | ?????????????????? ?????????? | | ?????????????????? ?????????? | | ?????????????????? ????????? | | ?????????????????? ????????? | | ?????????????????# % #???????? | | ?################; = "???????? | | ?# ;;; "???????? | | ?## ; ; ??????? | | ?# ;;;;;;;;;;; ; ??????? | | ?# ; ;;??????? | | ?# ; ; ?????? | | ?# ; = ; # #??? | | ?# ; *; #??? | | ?# ; !=% H ? | | ?# ; ]|%= / #??? | | ?# ; ]|! #???? | | ?# ; @ ; ;;## #???? | | ?# ; % ;; ;; ;##??????? | | ?# ; ;; ;; ; ????? | | ?# ; ;; ;; # ?????? | | ?## ;;;;;;;;;;;; ;; =#????????? | | ?# ;; ]! ;; !%#????????? | | ?# # ]! ;; =#???###### | | ?################ ] ;#= ##### ! # | | ????????????????# ;%[= ! | | ????????????????# ### = | | ????????????????# #?#+###### # | | ????????????????# "" # ???###### | | ????????????????# "" # """" ??????? | | ????????????????# """ # """" #?????? | | ????????????????# """ # """" #?????? | | ????????????????# # """" #?????? | | ????????????????# # #?????? | | ?????????????????#######?########?????? | | | | | | | | | | | | | | | +----------------------------------------------------+ Best States ------------- Heat Dissipation 97 Coolant Potential 50 Energy Generation 25 Energy Capacity 350 Matter Stores 300 Matter Capacity 300 Sight Range 20 Terrain Scan Range 30 Terrain Scan Density 210 Jamming Range 14 Armor Coverage 825 Resistance: EX 50 Core Shielding 30 Phase Shifting 10 Evasion (%) 67 Melee Accuracy 5 Core Analysis 6 Recoil Reduction 5 Offensive Hacking 38 Defensive Hacking 14 Item Schematics ----------------- None Robot Schematics ------------------ None Fabricated ------------ Nothing Repaired ---------- Nothing Studied --------- None Alien Tech Used ----------------- None Achievements -------------- Drive-By Friends Forever Physics Protects Uncivil War Challenges ------------ None Game ------ Seed XenonMinesnifferBoregun Manual? 0 Play Time 01:03:48 Cumulative 364.3 hours Start 2026.01.22 @ 13:43:52 End 2026.01.22 @ 14:50:39 Sessions 1 Manual Loads 0 Difficulty Rogue Special Mode None Game No. 418 Rogue 418 Adventurer 0 Explorer 0 Win Type - Total 11 Types 8/0/2/1/0/0/0/0/0/0 Lore% 80 Gallery% 79 Achievement% 64 Wizard Run 0 Options --------- Layout 0 ASCII 0 Keyboard 0 Movement Numpad Keybinds 0 Fullscreen 2 Font 18/SmallcapsGlow Map View 76x50 Zoom Use 0% Tactical HUD 1 Map Filters NONE Filters NONE Steam 1 RUN: ee3cd0d7-ff4d-412e-a453-6c9a5594b64e